A+ EAST
ABERDEEN IRONBIRDS @ WINSTON-SALEM DASH
06/04/2042
 
TOP OF THE 1ST
Aberdeen Ironbirds batting - Pitching for Winston-Salem Dash : RHP Ricky Talley
Pitching: RHP Ricky Talley
Batting: RHB Pat Pallister 0-0: Swinging Strike
0-1: Foul Ball, location: 2F
0-2: Ball
1-2: Foul Ball, location: 25F
1-2: Ball
2-2: Ground out 1-5-3 (Groundball, 15S, EV 110.0 MPH)
Batting: RHB César Rodríguez 0-0: Called Strike
0-1: Ball
1-1: Swinging Strike
1-2: Strikes out looking
Batting: LHB Brett Leseberg 0-0: Ball
1-0: Ball
2-0: Ball
3-0: Base on Balls
Batting: RHB Jake Stokes 0-0: Ball
1-0: Foul Ball, location: 2F
1-1: Called Strike
Brett Leseberg steals 2nd base
1-2: Foul Ball, location: 9LSF
1-2: Foul Ball, location: 25F
1-2: Foul Ball, location: 9LMF
1-2: Strikes out swinging
Top of the 1st over - 0 runs, 0 hits, 0 errors, 1 left on base; Aberdeen 0 - Winston-Salem 0
BOTTOM OF THE 1ST
Winston-Salem Dash batting - Pitching for Aberdeen Ironbirds : RHP Tim Barnes
Pitching: RHP Tim Barnes
Batting: RHB Tim Bentley 0-0: Ball
1-0: DOUBLE (Flyball, 78D, EV 110.6 MPH)
Batting: RHB Jeremiah Miller 0-0: Ball
1-0: Called Strike
1-1: Ball
2-1: Ball
3-1: Base on Balls
Batting: LHB Chris MacKinley 0-0: Foul Ball, location: 2F
0-1: Ball
Jeremiah Miller steals 2nd base
Tim Bentley steals 3rd base
1-1: Foul Ball, location: 2F
1-2: Ground out 3-1 (Groundball, 34, EV 101.9 MPH)
Tim Bentley scores
Jeremiah Miller to third
Batting: LHB Junior Thomas 0-0: Fly out, F8 (Flyball, 8RM, EV 94.4 MPH)
Runner from 3rd tags up, SCORES, throw by CF
Batting: SHB Josh Whitaker 0-0: Called Strike
0-1: Ball
1-1: Foul Ball, location: 2F
1-2: Ground out 6-3 (Groundball, 56, EV 88.8 MPH)
Bottom of the 1st over - 2 runs, 1 hit, 0 errors, 0 left on base; Aberdeen 0 - Winston-Salem 2
TOP OF THE 2ND
Aberdeen Ironbirds batting - Pitching for Winston-Salem Dash : RHP Ricky Talley
Batting: LHB Danny Bentley 0-0: Ball
1-0: Foul Ball, location: 2F
1-1: Foul Ball, location: 3FF
1-2: Ball
2-2: Strikes out swinging
Batting: RHB Mike Davis 0-0: Foul Ball, location: 7LSFF
0-1: Ball
1-1: Foul Ball, location: 5F
1-2: Strikes out looking
Batting: RHB Juan Santiago 0-0: Ball
1-0: Foul Ball, location: 9LSF
1-1: Ball
2-1: Foul Ball, location: 3F
2-2: SOLO HOME RUN (Flyball, 78XD, EV 103.8 MPH), Distance : 410 ft
Batting: RHB José Ortíz 0-0: Called Strike
0-1: Ball
1-1: Swinging Strike
1-2: Ball
2-2: Ball
3-2: Base on Balls
Batting: RHB Jesús González 0-0: Called Strike
José Ortíz steals 2nd base
0-1: Ball
1-1: Fly out, F8 (Flyball, 8LD, EV 91.9 MPH)
Top of the 2nd over - 1 run, 1 hit, 0 errors, 1 left on base; Aberdeen 1 - Winston-Salem 2
BOTTOM OF THE 2ND
Winston-Salem Dash batting - Pitching for Aberdeen Ironbirds : RHP Tim Barnes
Batting: RHB José Cortéz 0-0: Ball
1-0: Foul Ball, location: 2F
1-1: Swinging Strike
1-2: Ball
2-2: Foul Ball, location: 2RF
2-2: DOUBLE (Line Drive, 7LM, EV 108.1 MPH)
Batting: LHB Jeff Sullivan 0-0: Called Strike
0-1: Ground out U3 (Groundball, 34S, EV 89.4 MPH)
José Cortéz to third
Batting: RHB Vic Miller 0-0: Ball
1-0: Ball
2-0: Ball
3-0: Base on Balls
Batting: SHB Ernesto Contreras 0-0: Grounds into double play, 3-6-3 (Groundball, 3, EV 98.1 MPH)
Bottom of the 2nd over - 0 runs, 1 hit, 0 errors, 1 left on base; Aberdeen 1 - Winston-Salem 2
TOP OF THE 3RD
Aberdeen Ironbirds batting - Pitching for Winston-Salem Dash : RHP Ricky Talley
Batting: RHB Pat Pallister 0-0: Ball
1-0: Swinging Strike
1-1: Ball
2-1: Ball
3-1: Swinging Strike
3-2: Fly out, F9 (Flyball, 9D, EV 99.4 MPH)
Batting: RHB César Rodríguez 0-0: Called Strike
0-1: Ball
1-1: Ball
2-1: Foul Ball, location: 3FF
2-2: Strikes out swinging
Batting: LHB Brett Leseberg 0-0: Foul Ball, location: 23F
0-1: Ball
1-1: Foul Ball, location: 2F
1-2: Ball
2-2: Ball
3-2: Base on Balls
Batting: RHB Jake Stokes 0-0: Ball
1-0: SINGLE (Line Drive, 6D, EV 103.8 MPH)
Brett Leseberg to second
Batting: LHB Danny Bentley 0-0: Called Strike
0-1: Ball
1-1: Ball
2-1: Foul Ball, location: 2F
2-2: Strikes out swinging
Top of the 3rd over - 0 runs, 1 hit, 0 errors, 2 left on base; Aberdeen 1 - Winston-Salem 2
BOTTOM OF THE 3RD
Winston-Salem Dash batting - Pitching for Aberdeen Ironbirds : RHP Tim Barnes
Batting: RHB Tim Bentley 0-0: Ball
1-0: SINGLE (Groundball, 13, EV 66.9 MPH) (infield hit)
Batting: RHB Jeremiah Miller 0-0: Ball
1-0: Called Strike
1-1: Called Strike
Tim Bentley steals 2nd base
1-2: Foul Ball, location: 5FF
1-2: Foul Ball, location: 3FF
1-2: Ball
2-2: Ball
3-2: Foul Ball, location: 23F
3-2: Hit by Pitch
Batting: LHB Chris MacKinley 0-0: Ball
1-0: Foul Ball, location: 2F
1-1: Ball
2-1: Ball
3-1: Foul Ball, location: 25FF
3-2: Base on Balls
Tim Bentley to third
Jeremiah Miller to second
Batting: LHB Junior Thomas 0-0: SINGLE (Groundball, 4MD, EV 101.3 MPH)
Tim Bentley scores
Jeremiah Miller to third
Chris MacKinley to second
Batting: SHB Josh Whitaker 0-0: Ball
1-0: Called Strike
1-1: Ball
2-1: Ball
3-1: Base on Balls
Jeremiah Miller scores
Chris MacKinley to third
Junior Thomas to second
Batting: RHB José Cortéz 0-0: Grounds into double play, 5-4-3 (Groundball, 5S, EV 86.3 MPH)
Chris MacKinley scores
Junior Thomas to third
Batting: LHB Jeff Sullivan 0-0: Ground out 4-3 (Groundball, 4M, EV 84.4 MPH)
Bottom of the 3rd over - 3 runs, 2 hits, 0 errors, 1 left on base; Aberdeen 1 - Winston-Salem 5
TOP OF THE 4TH
Aberdeen Ironbirds batting - Pitching for Winston-Salem Dash : RHP Ricky Talley
Batting: RHB Mike Davis 0-0: Ball
1-0: Called Strike
1-1: Ball
2-1: Ball
3-1: Fly out, F8 (Flyball, 8RM, EV 83.1 MPH)
Batting: RHB Juan Santiago 0-0: Ball
1-0: Foul Ball, location: 23F
1-1: Ball
2-1: Called Strike
2-2: Strikes out swinging
Batting: RHB José Ortíz 0-0: Ball
1-0: Called Strike
1-1: Swinging Strike
1-2: Strikes out swinging
Top of the 4th over - 0 runs, 0 hits, 0 errors, 0 left on base; Aberdeen 1 - Winston-Salem 5
BOTTOM OF THE 4TH
Winston-Salem Dash batting - Pitching for Aberdeen Ironbirds : RHP Tim Barnes
Batting: RHB Vic Miller 0-0: Ball
1-0: Foul Ball, location: 5DF
1-1: Ground out 6-3 (Groundball, 6MD, EV 96.3 MPH)
Batting: SHB Ernesto Contreras 0-0: Foul Ball, location: 2F
0-1: Foul Ball, location: 2F
0-2: Ball
1-2: Strikes out looking
Batting: RHB Tim Bentley 0-0: Called Strike
0-1: Swinging Strike
0-2: Ground out 6-3 (Groundball, 6, EV 93.1 MPH)
Bottom of the 4th over - 0 runs, 0 hits, 0 errors, 0 left on base; Aberdeen 1 - Winston-Salem 5
TOP OF THE 5TH
Aberdeen Ironbirds batting - Pitching for Winston-Salem Dash : RHP Ricky Talley
Batting: RHB Jesús González 0-0: Ball
1-0: Swinging Strike
1-1: Foul Ball, location: 5F
1-2: Ball
2-2: Strikes out swinging
Batting: RHB Pat Pallister 0-0: Called Strike
0-1: Swinging Strike
0-2: Strikes out swinging
Batting: RHB César Rodríguez 0-0: Swinging Strike
0-1: Ball
1-1: Swinging Strike
1-2: Strikes out swinging
Top of the 5th over - 0 runs, 0 hits, 0 errors, 0 left on base; Aberdeen 1 - Winston-Salem 5
BOTTOM OF THE 5TH
Winston-Salem Dash batting - Pitching for Aberdeen Ironbirds : RHP Tim Barnes
Batting: RHB Jeremiah Miller 0-0: Ball
1-0: Ball
2-0: Ball
3-0: Base on Balls
Pitching: RHP Dan Martin
Batting: LHB Chris MacKinley 0-0: SINGLE (Line Drive, 7S, EV 110.0 MPH)
Jeremiah Miller to second
Batting: LHB Junior Thomas 0-0: Fly out, F8 (Flyball, 8RXD, EV 110.6 MPH)
Runner from 2nd tags up, SAFE at 3rd, no throw by CF
Batting: SHB Josh Whitaker 0-0: Ball
Chris MacKinley is caught stealing 2nd base 2-6
1-0: Called Strike
1-1: Swinging Strike
1-2: SINGLE (Line Drive, 5D, EV 103.1 MPH)
Jeremiah Miller scores
Batting: RHB José Cortéz 0-0: Called Strike
Josh Whitaker steals 2nd, throwing error, E2
Josh Whitaker to third
0-1: Swinging Strike
0-2: Ball
1-2: Strikes out looking
Bottom of the 5th over - 1 run, 2 hits, 1 error, 1 left on base; Aberdeen 1 - Winston-Salem 6
TOP OF THE 6TH
Aberdeen Ironbirds batting - Pitching for Winston-Salem Dash : RHP Ricky Talley
Batting: LHB Brett Leseberg 0-0: Called Strike
0-1: Swinging Strike
0-2: Strikes out swinging
Batting: RHB Jake Stokes 0-0: Ball
1-0: Foul Ball, location: 2F
1-1: Foul Ball, location: 9LDF
1-2: Foul Ball, location: 3SF
1-2: Ball
2-2: Ball
3-2: Foul Ball, location: 2F
3-2: Strikes out swinging
Batting: LHB Danny Bentley 0-0: Called Strike
0-1: Fly out, F8 (Flyball, 89M, EV 87.5 MPH)
Top of the 6th over - 0 runs, 0 hits, 0 errors, 0 left on base; Aberdeen 1 - Winston-Salem 6
BOTTOM OF THE 6TH
Winston-Salem Dash batting - Pitching for Aberdeen Ironbirds : RHP Dan Martin
Batting: LHB Jeff Sullivan 0-0: Called Strike
0-1: Swinging Strike
0-2: Fly out, F8 (Line Drive, 8RD, EV 88.1 MPH)
Batting: RHB Vic Miller 0-0: Called Strike
0-1: Swinging Strike
0-2: Ball
1-2: Ball
2-2: Ball
3-2: Foul Ball, location: 7LMF
3-2: Foul Ball, location: 9LMF
3-2: Base on Balls
Batting: SHB Ernesto Contreras 0-0: Ball
1-0: DOUBLE (Flyball, 8RXD, EV 97.5 MPH)
Vic Miller to third
Runner from 3rd tries for Home, SAFE, throw by CF to trailing runner, SAFE at third!
Batting: RHB Tim Bentley 0-0: Ball
1-0: Ground out 4-3 (Groundball, 4M, EV 86.9 MPH)
Batting: RHB Jeremiah Miller 0-0: Called Strike
0-1: Foul Ball, location: 3DF
0-2: Ball
1-2: Ball
2-2: DOUBLE (Line Drive, 9LS, EV 99.4 MPH)
Ernesto Contreras scores
Batting: LHB Chris MacKinley 0-0: Swinging Strike
0-1: Ground out U3 (Groundball, 3S, EV 86.3 MPH)
Bottom of the 6th over - 2 runs, 2 hits, 0 errors, 1 left on base; Aberdeen 1 - Winston-Salem 8
TOP OF THE 7TH
Aberdeen Ironbirds batting - Pitching for Winston-Salem Dash : RHP Ricky Talley
Pitching: RHP José López
Batting: RHB Mike Davis 0-0: Called Strike
0-1: Ball
1-1: Ball
2-1: SOLO HOME RUN (Line Drive, 7D, EV 105.0 MPH), Distance : 407 ft
Batting: RHB Juan Santiago 0-0: Called Strike
0-1: Foul Ball, location: 9LSF
0-2: Fly out, F6 (Popup, 56, EV 67.5 MPH)
Pinch Hitting: LHB Jon Anderson 0-0: Foul Ball, location: 7LDF
0-1: Ball
1-1: DOUBLE (Line Drive, 7LS, EV 93.8 MPH)
Batting: RHB Jesús González 0-0: Called Strike
0-1: Swinging Strike
0-2: Ball
1-2: Strikes out swinging
Pinch Hitting: LHB Dave Lortkipanidze 0-0: Ball
1-0: Fly out, F8 (Flyball, 8LS, EV 71.9 MPH)
Top of the 7th over - 1 run, 2 hits, 0 errors, 1 left on base; Aberdeen 2 - Winston-Salem 8
BOTTOM OF THE 7TH
Winston-Salem Dash batting - Pitching for Aberdeen Ironbirds : RHP Dan Martin
Now at SS: José Tavárez
Now in LF: Juan Moreno
Batting: LHB Junior Thomas 0-0: Ball
1-0: Swinging Strike
1-1: Ball
2-1: Foul Ball, location: 25F
2-2: Foul Ball, location: 7LDF
2-2: Ball
3-2: SINGLE (Line Drive, 9LS, EV 93.1 MPH)
Pitching: RHP Dan MacKnight
Batting: SHB Josh Whitaker 0-0: Ball
1-0: Swinging Strike
1-1: Ball
2-1: Ball
3-1: Base on Balls
Junior Thomas to second
Batting: RHB José Cortéz 0-0: Called Strike
0-1: Ball
1-1: Called Strike
1-2: DOUBLE (Line Drive, 89D, EV 106.9 MPH)
Junior Thomas scores
Josh Whitaker to third
Batting: LHB Jeff Sullivan 0-0: Called Strike
0-1: DOUBLE (Line Drive, 89XD, EV 109.4 MPH)
Josh Whitaker scores
José Cortéz scores
Batting: RHB Vic Miller 0-0: Ball
1-0: Ground out U3 (Groundball, 34S, EV 92.5 MPH)
Jeff Sullivan to third
Batting: SHB Ernesto Contreras 0-0: Ball
1-0: Foul Ball, location: 23FF
1-1: Ground out 3-1 (Groundball, 34, EV 98.8 MPH)
Jeff Sullivan scores
Batting: RHB Tim Bentley 0-0: Ground out 4-3 (Groundball, 4, EV 91.9 MPH)
Bottom of the 7th over - 4 runs, 3 hits, 0 errors, 0 left on base; Aberdeen 2 - Winston-Salem 12
TOP OF THE 8TH
Aberdeen Ironbirds batting - Pitching for Winston-Salem Dash : RHP José López
Batting: RHB César Rodríguez 0-0: Ball
1-0: Ground out 6-3 (Groundball, 6, EV 89.4 MPH)
Pinch Hitting: RHB Juan Vásquez 0-0: Ground out 6-3 (Groundball, 6, EV 101.3 MPH)
Batting: RHB Jake Stokes 0-0: Called Strike
0-1: Ball
1-1: Foul Ball, location: 25F
1-2: Strikes out swinging
Top of the 8th over - 0 runs, 0 hits, 0 errors, 0 left on base; Aberdeen 2 - Winston-Salem 12
BOTTOM OF THE 8TH
Winston-Salem Dash batting - Pitching for Aberdeen Ironbirds : RHP Dan MacKnight
Now at 1B: Glen Bishop
Batting: RHB Jeremiah Miller 0-0: Called Strike
0-1: Swinging Strike
0-2: Foul Ball, location: 5F
0-2: Ball
1-2: Foul Ball, location: 7LMFF
1-2: Strikes out swinging
Pinch Hitting: LHB Adrián Franco 0-0: Foul Ball, location: 9LMF
0-1: Called Strike
0-2: Ball
1-2: Strikes out looking
Batting: LHB Junior Thomas 0-0: Ground out 4-3 (Groundball, 4, EV 105.6 MPH)
Bottom of the 8th over - 0 runs, 0 hits, 0 errors, 0 left on base; Aberdeen 2 - Winston-Salem 12
TOP OF THE 9TH
Aberdeen Ironbirds batting - Pitching for Winston-Salem Dash : RHP José López
Now in LF: José Gonzáles
Batting: LHB Danny Bentley 0-0: Called Strike
0-1: Foul Ball, location: 3F
0-2: Foul Ball, location: 23F
0-2: Strikes out looking
Pinch Hitting: RHB Orlando Flores 0-0: Ball
1-0: Swinging Strike
1-1: Swinging Strike
1-2: Strikes out swinging
Batting: RHB Juan Santiago 0-0: Called Strike
0-1: Ball
1-1: Swinging Strike
1-2: Strikes out swinging
Top of the 9th over - 0 runs, 0 hits, 0 errors, 0 left on base; Aberdeen 2 - Winston-Salem 12
Wednesday, May 1st , 2024 - OOTP Baseball 24.10 Build 82